Map: Kairos Junction LE

Players

Odin - Winner!

  • Race: Protoss Protoss
  • League: Gold
  • Spawn Location: 11:00

GARUDA

  • Race: Protoss Protoss
  • Spawn Location: 5:00

VOD

Have the link to the VOD?

Description

Time

  • Played on: Dec. 6, 2018, 11:38 p.m.
  • Length: 5:38
Show
View Real Time Build Order
Export as new Build Order

Odin Protoss - Winner!

Build Orders: Oracle Opening 

Get SALT Encoding   

  12  0:03  Probe  
  13  0:16  Probe  
  13  0:18  Pylon  
  14  0:34  Probe  
  14  0:40  Gateway  
  15  0:46  Probe  
  16  0:57  Assimilator  
  16  0:58  Probe  
  17  1:06  Probe  
  18  1:15  Assimilator  
  18  1:18  Pylon  
  18  1:23  Probe  
  18  1:24  Gateway  
  19  1:35  Probe  
  20  1:44  Cybernetics Core  
  20  1:47  Probe  
  21  2:02  Probe  
  22  2:11  Probe  
  23  2:16  Pylon  
  23  2:19  Probe  
  23  2:21  Warp Gate  
  23  2:22  Stargate  
  23  2:27  Adept  
  23  2:28  Probe  
  26  2:34  Adept  
  29  3:04  Probe  
  30  3:07  Oracle  
  33  3:16  Probe  
  33  3:19  Nexus, Sentry  
  36  3:54  Adept  
  38  4:22  Probe  
  39  4:28  Adept  
  37  4:34  Probe  
  38  4:42  Stalker  
  40  4:46  Probe  
  41  4:59  Probe  
  42  5:11  Probe  
  42  5:12  Stalker x2  
  47  5:23  Probe  
Show
View Real Time Build Order
Export as new Build Order

GARUDA Protoss 

Build Orders: 1 Gate Expand 

Get SALT Encoding   

  12  0:01  Probe  
  13  0:13  Probe  
  14  0:18  Pylon  
  14  0:25  Probe  
  15  0:39  Gateway  
  15  0:40  Probe  
  16  0:47  Assimilator  
  16  0:48  Probe  
  17  0:57  Probe  
  18  1:07  Assimilator  
  18  1:08  Probe  
  19  1:20  Probe  
  20  1:43  Nexus  
  20  1:47  Cybernetics Core  
  20  1:52  Pylon  
  20  2:14  Warp Gate  
  20  2:17  Gateway  
  20  2:19  Probe  
  21  2:23  Adept  
  23  2:31  Probe  
  24  2:52  Gateway  
  24  2:53  Gateway  
  24  2:56  Probe x2  
  26  3:03  Sentry  
  28  3:16  Robotics Facility  
  28  3:23  Probe x2  
  23  3:47  Adept x2  
  23  3:48  Adept  
  19  4:18  Probe  
  19  4:19  Probe  
  20  4:26  Probe  
  20  4:27  Probe  
  18  4:35  Probe  
  18  4:36  Probe  
  12  4:41  Stalker  
  12  4:47  Probe  
  7  5:04  Probe  
Tags
 
Add a new tag
Caveats
  • Supply blocks, unpowered buildings, or Contaminate may cause inaccurate times.
  • Supply counts are checked every 10 seconds.